 Dungeon Crawl Stone Soup version 0.21.1-1-g345015f (webtiles) character file.

1101 suicidejoker the Sneak (level 8, -4/54 HPs)
             Began as an Octopode Assassin on Apr 16, 2018.
             Slain by stormannn's ghost (8 damage)
             ... on level 4 of the Dungeon.
             The game lasted 00:15:15 (5891 turns).

suicidejoker the Sneak (Octopode Assassin)          Turns: 5891, Time: 00:15:16

Health: -4/54      AC:  1    Str: 17    XL:     8   Next: 32%
Magic:  15/15      EV: 15    Int: 14    God:
Gold:   419        SH:  0    Dex: 13    Spells: 16/16 levels left

rFire    + . .     SeeInvis +   s - -3 dagger (curse)
rCold    . . .     Gourm    .   (no shield)
rNeg     . . .     Faith    .   (helmet restricted)
rPois    .         Spirit   .   (no amulet)
rElec    .         Reflect  .   j - ring of see invisible
rCorr    .         Harm     .   n - ring of flight
MR       .....                  t - ring of wizardry
Stlth    +++++.....             w - ring of protection from fire
HPRegen  0.18/turn              (no ring)
MPRegen  0.14/turn              (no ring)
                                (no ring)
                                (no ring)

@: mighty
A: almost no armour, stealthy swim, amphibious, 8 rings, constrict 8, camouflage
1, gelatinous body 1
a: Evoke Flight


You were on level 4 of the Dungeon.
You were very hungry.

You visited 1 branch of the dungeon, and saw 5 of its levels.
You also visited: Ossuary.

You collected 419 gold pieces.

Inventory:

Hand Weapons
 a - a +3 dagger
 b - a +0 blowgun
 s - a cursed -3 dagger (weapon)
 y - a +0 shortbow
Missiles
 c - 30 poisoned needles
 d - 2 curare-tipped needles
 l - 2 stones (quivered)
 o - 22 sling bullets
 q - 43 bolts
 r - 53 arrows
Jewellery
 j - a ring of see invisible (left tentacle)
 n - a ring of flight (right tentacle)
 t - a ring of wizardry (on tentacle)
 w - a ring of protection from fire (on tentacle)
Wands
 i - a wand of polymorph (6)
Scrolls
 m - a scroll of teleportation
 u - 2 scrolls of identify
Potions
 e - a potion of haste
 g - a potion of might
 h - 2 potions of curing
 k - a potion of flight {unknown}
 v - 2 potions of heal wounds {unknown}
 x - a potion of resistance {unknown}
Comestibles
 f - 5 rations


   Skills:
 + Level 4.2 Fighting
 + Level 4.2 Short Blades
 - Level 2.0 Throwing
 + Level 4.0 Dodging
 + Level 7.6 Stealth
 * Level 4.8 Spellcasting


You had 16 spell levels left.
You didn't know any spells.

Dungeon Overview and Level Annotations

Branches:
Dungeon (5/15)
 Temple: D:4-7

Altars:
Dithmenos
Fedhas
Qazlal
Sif Muna
Xom
The Shining One

Annotations:
D:4 Pikel; stormannn's ghost, amateur MiFi


Innate Abilities, Weirdness & Mutations

You cannot wear most types of armour.
You are very stealthy in the water. (Stealth+)
You are amphibious.
You can wear up to eight rings at the same time.
You can use your tentacles to constrict eight enemies at once.
Your skin changes colour to match your surroundings (Stealth+).
Your rubbery body absorbs attacks. (AC +1, EV +1)


Message History

Stormannn's ghost closely misses you.
You hit stormannn's ghost. You squeeze stormannn's ghost!
Stormannn's ghost is moderately damaged.
Stormannn's ghost hits you!
You barely miss stormannn's ghost.
Stormannn's ghost is moderately damaged.
You are feeling very hungry.
You completely miss stormannn's ghost.
Stormannn's ghost is moderately damaged.
Stormannn's ghost hits you.
You barely miss stormannn's ghost.
Stormannn's ghost is moderately damaged.
Stormannn's ghost barely misses you.
You barely miss stormannn's ghost.
Stormannn's ghost is moderately damaged.
Stormannn's ghost hits you!
* * * LOW HITPOINT WARNING * * *
Okay, then.
Stormannn's ghost hits you!
You die...

.............##.#.######.##
#######.##...##.#.## #...
#.##...##....# ####
#.##...##..#.### #
#.##...#...#...### #
#.##.....#####...#
###.##..##...#...#.#
...##..###..#.###.#
##.####.##@.###....# #.#
(..(.....W........## #.####
............####### #.....
############# ######


You could see stormannn's ghost.

Vanquished Creatures
  3 ogres
  A centaur (D:5)
  A bullfrog (D:5)
  3 scorpions
  A howler monkey (D:5)
  A crimson imp (D:5)
  A hound (D:4)
  An orc priest (D:5)
  2 iguanas
  Jessica (D:5)
  3 worker ants
  2 big kobold zombies (Ossuary)
  A hound zombie (D:5)
  2 mummies (Ossuary)
  3 gnolls (D:4)
  6 adders
  A shadow imp (D:5)
  2 oozes
  An adder skeleton (D:5)
  2 worms
  5 leopard geckos
  3 orcs
  A ball python (D:2)
  5 giant cockroaches
  4 gnoll zombies (Ossuary)
  4 hobgoblins
  8 jackals
  A quokka (D:3)
  5 bats
  8 frilled lizards
  6 goblins
  2 goblin zombies (Ossuary)
  3 hobgoblin zombies (Ossuary)
  4 kobolds
  3 orc zombies (Ossuary)
  5 rats
105 creatures vanquished.

Vanquished Creatures (collateral kills)
  A worm (D:5)
1 creature vanquished.

Grand Total: 106 creatures vanquished

Notes
Turn   | Place    | Note
-------+----------+-------------------------------------------
     0 | D:1      | suicidejoker the Octopode Assassin began the quest for the Orb.
     0 | D:1      | Reached XP level 1. HP: 14/14 MP: 1/1
   261 | D:1      | Reached XP level 2. HP: 15/19 MP: 2/2
   687 | D:1      | Reached skill level 1 in Spellcasting
   885 | D:2      | Reached XP level 3. HP: 24/24 MP: 4/4
  1017 | D:2      | Found a blossoming altar of Fedhas.
  1744 | D:3      | Reached XP level 4. HP: 30/30 MP: 6/6
  2026 | D:3      | Found a glowing golden altar of the Shining One.
  2196 | D:3      | You fall through a shaft for 2 floors!
  2196 | D:5      | Entered Level 5 of the Dungeon
  2223 | D:5      | Noticed a bullfrog
  2230 | D:5      | Killed a bullfrog
  2230 | D:5      | Reached skill level 6 in Stealth
  2230 | D:5      | Reached XP level 5. HP: 14/36 MP: 6/8
  2607 | D:5      | Noticed Jessica
  2615 | D:5      | Found a deep blue altar of Sif Muna.
  2616 | D:5      | Killed Jessica
  2740 | D:5      | Noticed an ogre
  2744 | D:5      | Killed an ogre
  2744 | D:5      | Reached XP level 6. HP: 42/42 MP: 8/10
  2822 | D:5      | Reached XP level 7. HP: 27/46 MP: 10/12
  3275 | D:5      | Reached skill level 7 in Stealth
  4086 | D:4      | Noticed stormannn's ghost (amateur MiFi)
  4099 | D:4      | Reached XP level 8. HP: 54/54 MP: 14/14
  4159 | D:4      | Found a sand-covered staircase.
  4169 | Ossuary  | Entered an ossuary
  5538 | D:4      | Found a stormy altar of Qazlal.
  5546 | D:4      | Noticed Pikel
  5578 | D:4      | Found a shimmering altar of Xom.
  5579 | D:4      | Found a shadowy altar of Dithmenos.
  5891 | D:4      | Slain by stormannn's ghost

Skill      XL: |  1  2  3  4  5  6  7  8 |
---------------+-------------------------+-----
Spellcasting   | 1 2 3 4 |  4.8
Dodging        | 2 3 4 |  4.0
Stealth        | 6 7 |  7.6
Fighting       | 3 4 |  4.2
Short Blades   | 3 4 |  4.2
Throwing       | |  2.0

Action                   |  1- 3 |  4- 6 |  7- 9 || total
-------------------------+-------+-------+-------++-------
Melee: Dagger            |    95 |    63 |   143 ||   301
       Constrict         |    23 |    12 |    28 ||    63
       Tentacles         |    19 |    19 |    41 ||    79
Throw: Stone             |     9 |     7 |   216 ||   232
       Tomahawk          |       |       |     7 ||     7
 Abil: Evoke Flight      |       |       |     2 ||     2
  Use: Scroll            |     5 |     1 |     1 ||     7
       Potion            |       |     1 |     1 ||     2
 Stab: Sleeping          |     8 |     5 |    10 ||    23
       Distracted        |       |       |     2 ||     2
  Eat: Chunk             |     3 |     3 |     2 ||     8
       Ration            |       |       |     2 ||     2
Armor: Skin              |    11 |     4 |     1 ||    16
Dodge: Dodged            |    50 |    38 |    57 ||   145
